 Dungeon Crawl Stone Soup version 0.30-a0-883-g5ad918d77d (webtiles) character file.

Game seed: 14945019883326936028

13 bande the Trooper (level 2, 0/19 HPs)
             Began as a Gargoyle Fighter on Mar 15, 2023.
             Slain by a worm (9 damage)
             ... on level 2 of the Dungeon.
             The game lasted 00:00:42 (358 turns).

bande the Trooper (Gargoyle Fighter)                 Turns: 358, Time: 00:00:43

Health: 0/19       AC:  9    Str: 19    XL:     2   Next: 37%
Magic:  2/2        EV:  9    Int:  8    God:
Gold:   52         SH:  4    Dex:  9    Spells: 1/1 levels left

rFire   . . .      SeeInvis .    a - +0 war axe
rCold   . . .      Faith    .    c - +0 buckler
rNeg    + . .      Spirit   .    b - +0 scale mail
rPois   ∞          Reflect  .    (no helmet)
rElec   +          Rampage  .    (no cloak)
rCorr   .                        (no gloves)
Will    .....                    (no boots) Stlth
                                 (no amulet)
HPRegen 0.23/turn                (no ring)
MPRegen 0.08/turn                (no ring)

@: no status effects
A: sickness immunity, AC +2, negative energy resistance 1, electricity
resistance, torment resistance 1, petrification resistance
a: no special abilities


You were on level 2 of the Dungeon.
You visited 1 branch of the dungeon, and saw 2 of its levels.

You collected 52 gold pieces.

Inventory:

Hand Weapons
 a - a +0 war axe (weapon)
Armour
 b - a +0 scale mail (worn)
 c - a +0 buckler (worn)
Potions
 d - a potion of might
 e - 2 potions of curing {unknown}


   Skills:
 + Level 3.6 Fighting
 + Level 1.9 Axes
 + Level 3.5 Armour
 + Level 3.4 Shields


You had one spell level left.
You didn't know any spells.
Your spell library was empty.

Dungeon Overview and Level Annotations

Branches:
Dungeon (2/15)

Altars:


Innate Abilities, Weirdness & Mutations

You are immune to sickness and miasma.
Your stone body is resilient. (AC +2)
You are immune to poison.
You resist negative energy. (rN+)
You are resistant to electric shocks. (rElec)
You are resistant to unholy torment.
You are immune to petrification.


Message History

You fall into a shaft and drop 1 floor!
The shaft crumbles and collapses.
Found a stone staircase leading down.
As you read the scroll labelled RUITORR RYEMNAMM, it crumbles to dust.
It is a scroll of amnesia.
You feel forgetful for a moment.
A worm comes into view.
Found a fizzy dark potion.
A worm is nearby!
Found a stone staircase leading down.
You hit the worm.
The worm is moderately wounded.
You hit the worm.
The worm is moderately wounded.
The worm bites you.
You hit the worm.
The worm is moderately wounded.
The worm barely misses you.
You barely miss the worm.
The worm is moderately wounded.
The worm bites you!
You hit the worm.
The worm is heavily wounded.
The worm bites you.
You are too injured to fight recklessly!
You are too injured to fight recklessly!
You are too injured to fight recklessly!
You are too injured to fight recklessly!
You are too injured to fight recklessly!
You are too injured to fight recklessly!
You are too injured to fight recklessly!
You are too injured to fight recklessly!
You are too injured to fight recklessly!
You hit the worm.
The worm is severely wounded.
The worm bites you but does no damage.
You hit the worm.
The worm is severely wounded.
The worm bites you!
You die...

.....########.#
..............#
.....#....>..#
......#......#
.............#
...!.........#
.>....w......#
#@.....#
#......#
#......#
########


You could see a worm.

Vanquished Creatures
  2 giant cockroaches (D:1)
  2 goblins (D:1)
  2 hobgoblins (D:1)
  A kobold (D:1)
  2 ball pythons (D:1)
  A bat (D:1)
  2 frilled lizards (D:1)
12 creatures vanquished.

Notes
Turn   | Place    | Note
-------+----------+-------------------------------------------
     0 | D:1      | bande the Gargoyle Fighter began the quest for the Orb.
     0 | D:1      | Reached XP level 1. HP: 14/14 MP: 1/1
    88 | D:1      | Found a faded altar of an unknown god.
   232 | D:1      | Reached XP level 2. HP: 19/19 MP: 2/2
   346 | D:1      | You fall into a shaft and drop 1 floor!
   358 | D:2      | Slain by a worm

Illustrated notes

Levels and vault maps discovered:
D:1:      giann_wishing_wells, layout_loops_corners,
          hellmonk_ecumenical_altar_blasted, dreamdust_princess_bridge,
          wander_ebering_terrifying_dragon_lair
D:2:      layout_rooms, minmay_distorted

Action                     || total
---------------------------++-------
  Melee: War axe           ||    63
    Use: Scroll            ||     1
 Armour: Scale mail        ||    42
  Dodge: Dodged            ||    28
  Block: Buckler           ||    16

Table legend: (Time is in decaauts)
 A = Elapsed time spent in this place.
 B = Non-inter-level travel time spent in this place.
 C = Inter-level travel time spent in this place.
 D = Time resting spent in this place.
 E = Time spent auto-exploring this place.
 F = Levels seen in this place.
 G = Mean time per level.
                   A        B        C        D        E       F      G
               +--------+--------+--------+--------+--------+-----+--------+
         Total |    385 |    385 |      0 |      0 |    248 |   2 |  192.5 |
       Dungeon |    385 |    385 |      0 |      0 |    248 |   2 |  192.5 |
               +--------+--------+--------+--------+--------+-----+--------+

Top non-repeatable levels by time:
     D:1: 370 daAuts
     D:2: 14 daAuts
